 Dungeon Crawl Stone Soup version 0.30.0-29-ga12c61a403 (webtiles) character file.

Game seed: 8420200908992882517

5249 5155yf4g the Grappler (level 10, -2/92 HPs)
             Began as a Troll Berserker on June 14, 2023.
             Was a High Priest of Trog.
             Slain by a boulder beetle (11 damage)
             ... on level 10 of the Dungeon.
             The game lasted 02:09:39 (7540 turns).

5155yf4g the Grappler (Troll Berserker)             Turns: 7540, Time: 02:09:42

Health: -2/92      AC:  7    Str: 29    XL:     10   Next: 36%
Magic:  0/9        EV: 11    Int:  9    God:    Trog [*****.]
Gold:   636        SH:  7    Dex: 17    Spells: 9/9 levels left

rFire   . .          .
                       - Unarmed
rCold   . . .        R - +0 kite shield
rNeg    + + .        Q - +2 robe {rN+}
rPois   +            (helmet restricted)
rElec   .            E - +0 cloak
rCorr   .            (gloves unavailable)
SInv    .            (boots unavailable)
Will    .....        P - amulet of guardian spirit
Stlth   ++           q - ring of Neurosis {rPois rN+ Dex+6}
HPRegen 1.15/turn    D - +6 ring of intelligence
MPRegen 0.11/turn

%: guardian spirit
@: about to teleport, studying Long Blades
A: large, unfitting armour, claws 3, regeneration 1, shaggy fur 1, tough skin 1
a: Renounce Religion, Berserk, Trog's Hand, Brothers in Arms


You were on level 10 of the Dungeon.
You worshipped Trog.
Trog was extremely pleased with you.
You visited 1 branch of the dungeon, and saw 10 of its levels.
You also visited: Sewer and Ossuary.

You collected 660 gold pieces.
You spent 24 gold pieces at shops.

Inventory:

Hand Weapons
 v - a +3 dagger
 B - a +3 flail of protection
 F - a +2 scythe of protection
 V - a +5 hand axe
 W - a +2 great sword
 Z - a +1 bardiche of flaming
Missiles
 b - 41 stones (quivered)
 l - 17 poisoned darts
 S - 5 curare-tipped darts
 Y - 6 javelins
Armour
 a - a +0 animal skin
 x - +0 steam dragon scales
 E - a +0 cloak (worn)
 Q - a +2 robe of positive energy (worn)
 R - a +0 kite shield (worn)
Jewellery
 h - an amulet of guardian spirit
 j - an amulet of faith
 q - the ring of Neurosis (left claw) {rPois rN+ Dex+6}
   (You found it on level 3 of the Dungeon)

   [ring of poison resistance]

   Dex:       It affects your dexterity (+6).
   rPois:     It protects you from poison.
   rN:        It protects you from negative energy.
 D - a +6 ring of intelligence (right claw)
 J - a ring of willpower
 O - a ring of positive energy
 P - an amulet of guardian spirit (around neck)
 X - a ring of positive energy
Wands
 n - a wand of mindburst (6)
 C - a wand of flame (15)
 H - a wand of paralysis (8)
Scrolls
 d - 3 scrolls of teleportation
 g - 6 scrolls of identify
 i - 2 scrolls of magic mapping {unknown}
 k - 3 scrolls of fear {unknown}
 o - 4 scrolls of blinking {unknown}
 r - 2 scrolls of noise {unknown}
 s - a scroll of acquirement {unknown}
 u - 3 scrolls of poison {unknown}
 y - a scroll of torment {unknown}
 A - 2 scrolls of vulnerability {unknown}
 G - 3 scrolls of enchant weapon {unknown}
 I - 4 scrolls of silence {unknown}
 K - a scroll of brand weapon {unknown}
 N - a scroll of enchant armour {unknown}
 T - a scroll of amnesia {unknown}
Potions
 c - 5 potions of attraction {unknown}
 e - 2 potions of heal wounds {unknown}
 f - a potion of resistance {unknown}
 m - 5 potions of flight {unknown}
 p - 5 potions of haste {unknown}
 t - 2 potions of invisibility {unknown}
 w - 2 potions of brilliance {unknown}
 z - 4 potions of degeneration {unknown}
 L - 2 potions of might {unknown}
 M - 2 potions of cancellation {unknown}
 U - 3 potions of curing


   Skills:
 + Level 4.1 Fighting
 + Level 8.2 Throwing
 + Level 5.5 Dodging
 + Level 1.9 Stealth
 + Level 10.1 Unarmed Combat


You had 9 spell levels left.
You didn't know any spells.
Your spell library was empty.

Dungeon Overview and Level Annotations

Branches:
Dungeon (10/15)            Temple (0/1) D:4             Orc (0/2) D:10
  Sewer (visited)         Ossuary (visited)
   Lair: D:8-11

Altars:
Dithmenos
Fedhas
Nemelex Xobeh
Okawaru
Trog

Shops:
D:8 ?

Annotations:
D:2 1 runed translucent door, Crazy Yiuf


Innate Abilities, Weirdness & Mutations

You are too large for most types of armour.
You have claws for hands.
Your natural rate of healing is unusually fast.
You are covered in fur. (AC +1)
You have tough skin. (AC +1)


Message History

You barely miss the centaur.
The centaur is almost dead.
The centaur hits you but does no damage.
The centaur kicks you but does no damage.
The boulder beetle bites you! You block the wyvern's attack.
The centaur hits you. The centaur kicks you.
You scratch the centaur.
You kill the centaur!
Trog accepts your kill. The wyvern bites you!
You block the boulder beetle's attack.
The wyvern hisses menacingly.
You block the wyvern's attack.
You are too injured to fight recklessly!
You claw the boulder beetle!
The boulder beetle is lightly wounded.
The boulder beetle closely misses you. You block the wyvern's attack.
You scratch the boulder beetle.
The boulder beetle is lightly wounded.
You block the wyvern's attack. The boulder beetle closely misses you.
You block the wyvern's attack.
You claw the boulder beetle!
The boulder beetle is moderately wounded.
The boulder beetle bites you! The wyvern barely misses you.
You scratch the boulder beetle but do no damage.
The boulder beetle is moderately wounded.
The wyvern bites you!
* * * LOW HITPOINT WARNING * * *
The boulder beetle bites you!
* * * LOW HITPOINT WARNING * * *
As you read the scroll of teleportation, it crumbles to dust.
You feel strangely unstable. The wyvern bites you.
* * * LOW HITPOINT WARNING * * *
The boulder beetle barely misses you. The wyvern bites you.
* * * LOW HITPOINT WARNING * * *
Aiming: Paralyse
Press: ? - help, Q - select action, (/) - cycle Shift-Dir - straight line, f - boulder beetle
Aim: a boulder beetle (moderately wounded, chance to affect: 31%)
The boulder beetle easily resists.
The wyvern closely misses you. The boulder beetle bites you!
You die...

...##..#.....#...........
.........#...#.....#...##
.#####...##..#...### .#
.#####.#.#...#.#...#
........)#.#.#.#.#.#
.........#####.#####
###......###.....## #
#...##.##....B..## #
#...##.#...###@).# #
#...##.#..# ##l.# #
#...#..... .....
###...#..#. ..####
.........#. ..#
.....))).# ...##
.....))[.# ...##
.....###.# ##.# .....#
#.# #...


You could see a boulder beetle and a wyvern.

Vanquished Creatures
  Grinder (D:5)
  A yak (D:10)
  Sigmund (D:6)
  2 wyverns (D:9)
  A steam dragon (D:9)
  An acid dragon (D:10)
  Edmund (D:5)
  2 water moccasins
  A sky beast (D:8)
  An orc warrior (D:7)
  3 ice beasts
  3 ogres
  5 centaurs
  2 kobold brigands
  4 bullfrogs
  2 scorpions
  A gnoll sergeant (D:10)
  7 wights
  12 killer bees
  2 howler monkeys
  A jelly (D:6)
  6 hounds
  A gnoll bouda (D:6)
  3 orc priests
  A sleepcap (D:2)
  5 iguanas
  12 orc wizards
  Natasha (twice) (D:2)
  A hell rat (Sewer)
  2 mummies (Ossuary)
  11 gnolls
  8 adders
  3 river rats (Sewer)
  3 shadow imps
  7 adder zombies (Ossuary)
  5 worms
  2 dart slugs
  40 orcs
  8 bats
  4 endoplasms
  A giant cockroach (D:2)
  2 gnoll zombies (Ossuary)
  5 goblins
  6 hobgoblins
  12 kobolds
  A quokka (D:1)
  6 ball pythons
  3 frilled lizards
  3 hobgoblin zombies (Ossuary)
  5 kobold zombies (Ossuary)
  4 orc zombies (Ossuary)
  2 quokka zombies (D:7)
  10 rats
238 creatures vanquished.

Notes
Turn   | Place    | Note
-------+----------+-------------------------------------------
     0 | D:1      | 5155yf4g the Troll Berserker began the quest for the Orb.
     0 | D:1      | Reached XP level 1. HP: 22/22 MP: 0/0
   289 | D:1      | Reached XP level 2. HP: 29/29 MP: 1/1
   473 | D:2      | You fall into a shaft and drop 2 floors!
   561 | D:2      | Reached XP level 3. HP: 36/36 MP: 2/2
   628 | D:2      | Reached ** piety under Trog
   756 | D:2      | Reached skill level 4 in Unarmed Combat
   756 | D:2      | Reached XP level 4. HP: 42/44 MP: 3/3
   834 | D:2      | Found a bloodstained altar of Trog.
  1006 | D:2      | Noticed Natasha
  1012 | D:2      | Killed Natasha
  1219 | D:2      | Noticed Natasha
  1226 | D:2      | Killed Natasha
  1227 | D:2      | Reached XP level 5. HP: 48/53 MP: 4/4
  1262 | D:2      | Found a runed translucent door.
  1263 | D:2      | Noticed Crazy Yiuf
  1624 | D:3      | Reached skill level 5 in Unarmed Combat
  1653 | D:3      | Identified the ring of Neurosis {rPois rN+ Dex+6}
  2277 | D:4      | Reached skill level 1 in Throwing
  2293 | D:4      | Found a staircase to the Ecumenical Temple.
  2331 | D:4      | Reached XP level 6. HP: 61/61 MP: 5/5
  2356 | D:4      | Reached *** piety under Trog
  2584 | D:4      | Reached XP level 7. HP: 59/67 MP: 6/6
  2889 | D:5      | Entered Level 5 of the Dungeon
  2901 | D:5      | Noticed Grinder
  2903 | D:5      | Paralysed by Grinder for 4 turns
  2912 | D:5      | Killed Grinder
  2995 | D:5      | Reached skill level 6 in Unarmed Combat
  3236 | D:5      | Noticed Edmund
  3243 | D:5      | Reached XP level 8. HP: 75/75 MP: 7/7
  3252 | D:5      | Killed Edmund
  3253 | D:5      | Reached skill level 5 in Throwing
  3614 | D:6      | Reached skill level 1 in Stealth
  3720 | D:6      | Reached skill level 7 in Unarmed Combat
  3785 | D:6      | Noticed Sigmund
  3804 | D:6      | Killed Sigmund
  3907 | D:6      | Reached **** piety under Trog
  4035 | D:6      | Reached XP level 9. HP: 76/83 MP: 8/8
  4059 | D:6      | Found a glowing drain.
  4097 | Sewer    | Entered a sewer
  4435 | D:7      | Found a sand-covered staircase.
  4444 | Ossuary  | Entered an ossuary
  4696 | D:7      | Found an iron altar of Okawaru.
  4765 | D:7      | Reached ***** piety under Trog
  4829 | D:7      | Reached skill level 8 in Unarmed Combat
  4989 | D:7      | Found a blossoming altar of Fedhas.
  4992 | D:7      | Found a sparkling altar of Nemelex Xobeh.
  4992 | D:7      | Found a shadowy altar of Dithmenos.
  5112 | D:7      | Received a gift from Trog
  5637 | D:7      | Reached skill level 9 in Unarmed Combat
  5804 | D:8      | Reached skill level 5 in Dodging
  6238 | D:8      | Found Boddaaru's Magic Scroll Shoppe.
  6246 | D:8      | Bought a scroll of identify for 24 gold pieces
  6482 | D:9      | Reached XP level 10. HP: 92/92 MP: 9/9
  7182 | D:10     | Entered Level 10 of the Dungeon
  7238 | D:10     | Found a staircase to the Orcish Mines.
  7396 | D:10     | Reached skill level 10 in Unarmed Combat
  7407 | D:10     | Received a gift from Trog
  7531 | D:10     | Noticed a boulder beetle
  7540 | D:10     | Slain by a boulder beetle

Illustrated notes

Levels and vault maps discovered:
D:1:      tarquinn_simple_flora_water_c, layout_basic
D:2:      layout_loops_corners, basic_altar, kennysheep_generic_room_14,
          uniq_crazy_yiuf_cottage, uniq_natasha
D:3:      layout_basic
D:4:      layout_basic, minmay_temple_entry_drinking_statues
D:5:      layout_rooms, serial_corexii_hall, chequers_hall_statues_y,
          corexii_hall_statues_i, corexii_hall_statues_s,
          chequers_hall_statues_y, uniq_grinder, uniq_edmund
D:6:      layout_cave_pools, cheibrodos_sewer_entry_sluice,
          serial_co_window_serial, co_window_of_opportunity_a,
          co_window_paths_a, co_window_paths_a, co_window_paths_b,
          co_window_corner_a, co_window_of_opportunity_a,
          co_window_of_opportunity_c, co_window_of_opportunity_b,
          co_window_cross_2, co_window_2corner, co_window_corner_ca,
          co_window_broadway_c, co_window_broadway_a, co_window_4corner_b,
          uniq_sigmund
D:7:      nicolae_cairo_tiling_very_big, layout_loops_ring,
          grunt_temple_overflow_open, lemuel_doored_altar, serial_rivers,
          chequers_serial_rivers_micro_b, chequers_serial_rivers_small_b,
          chequers_serial_rivers_micro_b, chequers_serial_rivers_large_b,
          chequers_serial_rivers_large_a, enter_ossuary_4
D:8:      layout_cave_pods, serial_shops, nicolae_shop_tiny_statue_garden
D:9:      layout_loops_ring, dk_vineyard_2
D:10:     minmay_the_grid_3x3 [minmay_the_grid_minigrid_small_alt,
          minmay_the_grid_expand, minmay_the_grid_stretched_grid,
          minmay_the_grid_zigzag_pyramid, minmay_the_grid_outer_diamond,
          minmay_the_grid_spikes, minmay_the_grid_outer_circle,
          minmay_the_grid_large_cup, minmay_the_grid_prize_four_corners],
          layout_small_grid, orc_0_dummy, minmay_misc_feat_chi

Skill      XL: |  1  2  3  4  5  6  7  8  9 10 |
---------------+-------------------------------+-----
Dodging        | 3 4 5 |  5.5
Unarmed Combat | 4 5 6 7 9 10 | 10.1
Fighting       | 3 4 |  4.1
Throwing       | 1 2 4 6 7 8 |  8.2
Stealth        | 1 |  1.9

Action                     |  1- 3 |  4- 6 |  7- 9 | 10-12 || total
---------------------------+-------+-------+-------+-------++-------
  Melee: Unarmed           |    61 |    88 |   295 |    75 ||   519
         Punch             |     2 |     2 |    15 |     3 ||    22
  Throw: Boomerang         |       |    65 |   174 |       ||   239
         Stone             |       |       |    11 |    28 ||    39
  Evoke: Wand              |       |       |       |     1 ||     1
    Use: Scroll            |       |       |     3 |     1 ||     4
         Potion            |       |       |     1 |       ||     1
   Stab: Sleeping          |     1 |       |     4 |     2 ||     7
 Armour: Animal skin       |    13 |    20 |    30 |       ||    63
         Robe              |       |       |    32 |    20 ||    52
  Dodge: Dodged            |    20 |    53 |   148 |    36 ||   257
  Block: Kite shield       |       |       |       |    13 ||    13
